AoeStats
← özürlü31

QS Arena

503166356Analyzed
2v2 RM · 2mo ago on Aug 30, 2026· 44m 17s· 4 players
Game mode
Random Map
Map size
Medium (4 player)
Population
200
Speed
Normal
Resources
Standard
Victory
Conquest
Starting age
Dark Age
Ending age
Imperial Age
RankedLock teamsTeams togetherTeam positionsShared explorationLock speedFull tech treeHidden civsTurbo modeCheats
Victory
Defeat
🇹🇷 Persians · Türkiye
810
+16
🇹🇷 Japanese · Türkiye
804
+16
vs
🇨🇿 Bohemians · Czechia
917
-65
🇨🇿 Cumans · Czechia
701
-25
özürlü31
5:17 Loom
8:02 Feudal Age
12:47 Castle Age
12:24 Double-Bit Axe
14:24 Bow Saw
18:03 Horse Collar
22:48 Wheelbarrow
22:17 Heavy Plow
23:04 Stone Mining
24:03 Hand Cart
25:32 Stone Shaft Mining
26:38 Gold Mining
28:19 Gold Shaft Mining
29:38 Forging
29:34 Scale Barding Armor
33:42 Imperial Age
31:00 Town Watch
32:07 Husbandry
32:17 Bloodlines
32:47 Iron Casting
32:32 Chain Barding Armor
33:17 Town Patrol
35:10 Crop Rotation
35:22 Plate Barding Armor
35:48 Blast Furnace
34:51 Cavalier
36:39 Savar
40:29 Conscription
thecal
6:48 Loom
9:16 Feudal Age
15:33 Castle Age
14:11 Horse Collar
14:18 Double-Bit Axe
14:52 Forging
15:12 Scale Mail Armor
17:19 Bow Saw
17:27 Heavy Plow
23:29 Wheelbarrow
22:59 Gold Mining
25:40 Gold Shaft Mining
25:23 Hand Cart
27:29 Yasama
28:22 Chain Mail Armor
28:49 Iron Casting
32:15 Imperial Age
31:23 Stone Mining
32:55 Scale Barding Armor
32:23 Capped Ram
33:31 Conscription
33:52 Caravan
33:42 Elite Samurai
34:42 Pikeman
35:23 Squires
36:47 Halberdier
Who Is !Yuri
7:49 Feudal Age
8:24 Double-Bit Axe
8:44 Horse Collar
11:55 Gold Mining
13:47 Loom
15:02 Wheelbarrow
16:52 Scale Barding Armor
20:28 Castle Age
19:01 Bloodlines
19:03 Stone Mining
21:54 Hand Cart
23:40 Gold Shaft Mining
24:43 Pikeman
25:23 Squires
24:44 Man-at-Arms
25:10 Arson
25:29 Heavy Plow
25:41 Bow Saw
26:51 Forging
30:01 Steppe Husbandry
29:56 Light Cavalry
31:17 Chain Barding Armor
30:58 Scale Mail Armor
30:59 Padded Archer Armor
30:49 Fletching
31:35 Iron Casting
30:48 Long Swordsman
37:25 Capped Ram
43:07 Imperial Age
41:18 Bodkin Arrow
41:38 Chain Mail Armor
41:42 Leather Archer Armor
Vodiik
2:01 Loom
5:45 Loom
9:57 Feudal Age
10:30 Double-Bit Axe
10:28 Horse Collar
11:27 Wheelbarrow
16:02 Fletching
16:13 Padded Archer Armor
16:15 Scale Mail Armor
22:50 Castle Age
24:17 Hand Cart
24:16 Bow Saw
24:09 Heavy Plow
24:49 Crossbowman
31:49 Chain Mail Armor
31:49 Leather Archer Armor
31:30 Bodkin Arrow
32:24 Wagenburg Tactics
36:21 Chemistry
35:37 Masonry
35:11 Treadmill Crane
35:31 Murder Holes
35:47 Fortified Wall
36:26 Squires
36:12 Arson
37:44 Ballistics
37:15 Guard Tower
38:30 Pikeman
41:15 Forging
Connection lost

Rejoining the realm…

Still unreachable

The connection could not be restored.

Session expired

The server has moved on; the page needs a fresh start.